 Dungeon Crawl Stone Soup version 0.18-a0-1784-ga939a68 (webtiles) character file.

21 M4edhros the Grave Robber (level 3, 0/24 HPs)
             Began as a Formicid Necromancer on Apr 18, 2016.
             Succumbed to an adder's poison
             ... on level 4 of the Dungeon.
             The game lasted 00:04:05 (506 turns).

M4edhros the Grave Robber (Formicid Necromancer)     Turns: 506, Time: 00:04:07

Health: 0/24       AC:  2    Str: 12    XL:     3   Next: 5%
Magic:  5/6        EV:  9    Int: 14    God:
Gold:   45         SH: 10    Dex: 12    Spells: 1 memorised, 5 levels left

rFire  . . .     SeeInvis +       - Unarmed
rCold  . . .     Gourm    .     a - +0 robe
rNeg   . . .     Faith    .     h - +3 shield
rPois  .         Spirit   .     (helmet unavailable)
rElec  .         Dismiss  .     (no cloak)
rCorr  .         Reflect  .     (no gloves)
SustAt .         Harm     .     (no boots)
MR     .....                    (no amulet)
Stlth  ++........               (no ring)
                                (no ring)

@: lethally poisoned (0 -> -6), not resistant to hostile enchantments,
unstealthy
A: permanent stasis, dig shafts and tunnels, four strong arms, antennae 3
a: Dig, Shaft Self


You were on level 4 of the Dungeon.
You were not hungry.

You visited 1 branch of the dungeon, and saw 4 of its levels.

You collected 45 gold pieces.

Inventory:

Hand Weapons
 d - a +0 blowgun
Missiles
 e - 66 stones (quivered)
 i - 9 sling bullets
 l - 2 poisoned needles
Armour
 a - a +0 robe (worn)
 h - a +3 shield (worn)
Scrolls
 o - a scroll of enchant weapon {unknown}
Books
 b - a book of Necromancy

   Spells                             Type                      Level
   a - Pain                           Necromancy                   1
   b - Animate Skeleton               Necromancy                   1
   c - Vampiric Draining              Necromancy                   3
   d - Regeneration                   Charms/Necromancy            3
   e - Animate Dead                   Necromancy                   4
   f - Control Undead                 Necromancy                   4
Comestibles
 c - 2 bread rations
 j - 3 fruits
 k - a slice of pizza


   Skills:
 - Level 1.8 Dodging
 - Level 2.4 Stealth
 * Level 1.2 Shields
 + Level 2.0 Unarmed Combat
 - Level 2.1 Spellcasting
 - Level 4.0 Necromancy


You had 5 spell levels left.
You knew the following spells:

 Your Spells              Type           Power        Failure   Level  Hunger
a - Pain                  Necr           ##..         24%         1    #......


Dungeon Overview and Level Annotations

Branches:
Dungeon (4/15)
 Temple: D:4-7

Altars:

Annotations:
D:3 Sigmund


Innate Abilities, Weirdness & Mutations

You are under a permanent stasis effect.
You can dig through walls and to a lower floor.
Your four strong arms can wield two-handed weapons with a shield.
You have a pair of large antennae on your head (SInv).


Message History

As you read the scroll labeled LYITUGGEMAW, it crumbles to dust.
You feel a strange sense of stasis.
It was a scroll of teleportation.
* * * LOW HITPOINT WARNING * * *
You feel sick.
Read which item? (? for menu, Esc to quit)
As you read the scroll labeled ISITEI WORCHO, it crumbles to dust.
Formicids cannot teleport.
It was a scroll of blinking.
Read which item? (? for menu, Esc to quit)
As you read the scroll labeled BAHEOQECIU, it crumbles to dust.
It is a scroll of enchant armour.
Enchant which item? (? for menu, Esc to quit)
Your +2 shield glows green for a moment.
* * * LOW HITPOINT WARNING * * *
You feel sick.
Unknown command.
* * * LOW HITPOINT WARNING * * *
You feel sick. You block the scorpion's attack.
* * * LOW HITPOINT WARNING * * *
You feel sick.
You die...

############
##..........##
##.....)......##
#.......s...)..#
#.....@........#
#.............$#
#..............# .
#.............$..
#.#
##.................#
.#
##..........##......
. ############
#..##..# ... #


You could see a scorpion.

Vanquished Creatures
  A gnoll (D:1)
  A giant gecko (D:2)
  2 bats
  A goblin (D:1)
  2 hobgoblins
  2 kobolds (D:3)
  A giant newt (D:1)
10 creatures vanquished.

Notes
Turn   | Place    | Note
--------------------------------------------------------------
     0 | D:1      | M4edhros the Formicid Necromancer began the quest for the Orb.
     0 | D:1      | Reached XP level 1. HP: 13/13 MP: 3/3
   111 | D:1      | Reached skill level 1 in Unarmed Combat
   111 | D:1      | Reached XP level 2. HP: 7/19 MP: 0/5
   448 | D:3      | Reached skill level 1 in Shields
   448 | D:3      | Reached XP level 3. HP: 17/24 MP: 3/6
   459 | D:4      | Noticed an ogre
   490 | D:3      | Noticed Sigmund
   496 | D:3      | You fall through a shaft!
   496 | D:4      | Noticed a scorpion
   504 | D:4      | HP: 1/24 [poisoned by an adder]
   506 | D:4      | Succumbed to an adder's poison

Vault maps used:
D:1:      evilmike_arrival_sounds_zot
D:2:      first_bread
D:3:      hangedman_decor_growths, uniq_sigmund
D:4:      lemuel_coloured_pillars_altar, gammafunk_temple_overflow_wave,
          uniq_eustachio

Skill      XL: |  1  2 |
---------------+-------+-----
Unarmed Combat | 1 2 |  2.0
Shields        | 1 |  1.2
Dodging        | |  1.8
Stealth        | |  2.4
Spellcasting   | |  2.1
Necromancy     | |  4.0

Action                   || total
-------------------------++-------
Melee: Unarmed           ||    10
 Cast: Pain              ||    15
 Abil: Shaft Self        ||     1
  Use: Scroll            ||     4
Armor: Robe              ||     4
Dodge: Dodged            ||     6
Block: Shield            ||     5
